 Dungeon Crawl Stone Soup version 0.31-a0-267-g3fc6992b3b (webtiles) character file.

Game seed: 14582206687691912035

46 qw the Shooter (level 3, -2/29 HPs)
             Began as a Minotaur Hexslinger on July 13, 2023.
             Slain by Terence
             ... wielding a +2 falchion of protection
              (3 damage)
             ... on level 2 of the Dungeon.
             The game lasted 00:00:22 (1066 turns).

qw the Shooter (Minotaur Hexslinger)                Turns: 1066, Time: 00:00:22

Health: -2/29      AC:  5    Str: 12    XL:     3   Next: 46%
Magic:  3/3        EV: 11    Int: 10    God:
Gold:   108        SH:  0    Dex: 14    Spells: 3/4 levels left

rFire   . . .        Y - +1 sling
rCold   . . .        (no shield)
rNeg    . . .        i - +0 ring mail
rPois   .            (helmet restricted)
rElec   .            (no cloak)
rCorr   .            (no gloves)
SInv    .            (no boots)
Will    .....        (no amulet)
Stlth   +            (no ring)
HPRegen 0.24/turn    (no ring)
MPRegen 0.08/turn

%: no passive effects
@: no status effects
A: horns 2, retaliatory headbutt
a: no special abilities


You were on level 2 of the Dungeon.
You visited 1 branch of the dungeon, and saw 2 of its levels.

You collected 108 gold pieces.


Innate Abilities, Weirdness & Mutations

You have a pair of horns on your head.
You reflexively headbutt those who attack you in melee.


   Skills:
 - Level 2.0 Fighting
 - Level 4.0 Ranged Weapons
 + Level 0.4 Armour
 - Level 2.1 Dodging
 - Level 1.0 Spellcasting
 - Level 2.0 Hexes


You had 3 spell levels left.
You knew the following spells:

 Your Spells              Type           Power      Damage    Failure   Level
a - Slow                  Hex            16%        N/A       34%         1

Your spell library contained the following spells:

 Spells                   Type           Power      Damage    Failure   Level
 Inner Flame              Hex/Fire       2%         N/A       83%         3
 Portal Projectile        Hex/Tloc       4%         N/A       83%         3
 Cause Fear               Hex            2%         N/A       98%         4

Inventory:

Hand Weapons
 Y - a +1 sling (weapon)
Armour
 i - a +0 ring mail (worn)
Scrolls
 a - a scroll of fog {unknown}
 b - a scroll of fear {unknown}
Potions
 e - a potion of invisibility {unknown}
 f - a potion of haste {unknown}

Dungeon Overview and Level Annotations

Branches:
Dungeon (2/15)

Altars:

Annotations:
D:2 Terence


Message History

Terence hits you with a +2 falchion of protection.
You shoot a sling bullet.
The sling bullet hits Terence but does no damage.
Terence is moderately wounded.
Terence closely misses you.
You shoot a sling bullet. The sling bullet hits Terence.
Terence is moderately wounded.
Terence barely misses you.
Terence hits you with a +2 falchion of protection.
You shoot a sling bullet.
The sling bullet hits Terence but does no damage.
Terence is moderately wounded.
Terence hits you with a +2 falchion of protection.
1060 ||| DRINKING potion of heal wounds.
You feel much better. Terence closely misses you.
You shoot a sling bullet.
The sling bullet hits Terence but does no damage.
Terence is moderately wounded.
Terence hits you with a +2 falchion of protection!
You shoot a sling bullet.
The sling bullet hits Terence but does no damage.
Terence is moderately wounded.
Terence hits you with a +2 falchion of protection. x2
You shoot a sling bullet.
The sling bullet hits Terence but does no damage.
Terence is moderately wounded.
Terence closely misses you. You furiously retaliate!
You headbutt Terence. You shoot a sling bullet.
The sling bullet hits Terence but does no damage.
Terence is heavily wounded.
Terence barely misses you.
You shoot a sling bullet.
The sling bullet closely misses Terence.
Terence barely misses you.
Terence hits you with a +2 falchion of protection!
You shoot a sling bullet.
The sling bullet closely misses Terence.
Terence hits you with a +2 falchion of protection.
You die...

##.#.##.###...%##.#.#
# #...###.#
#.....#...# #
#../.##.# ####...####
#### #...###..
##....## #... #...#
#.. #.##..## #.##
#.).# #.##
#.###..####.## #...#
.# #.# ##...##.##
##.## #####.#
###.##.## #.# #@....#
#..(.## .. #@#####
##...## #.# #.....
... ###### ....
...... #......
########


You could see Terence.

Vanquished Creatures
  2 adders (D:2)
  2 dart slugs
  4 bats
  3 endoplasms
  A giant cockroach (D:1)
  2 goblins
  4 hobgoblins
  A quokka (D:1)
  2 frilled lizards
  3 kobolds (D:1)
24 creatures vanquished.

Notes
Turn   | Place    | Note
-------+----------+-------------------------------------------
     0 | D:1      | qw the Minotaur Hexslinger began the quest for the Orb.
     0 | D:1      | Reached XP level 1. HP: 16/16 MP: 1/1
     0 | D:1      | 0 ||| qw: Version: 0.3-a-52-g30416fa
     0 | D:1      | 0 ||| qw: Game counter: 7699
     0 | D:1      | 0 ||| qw: Melee chars always use a shield: true
     0 | D:1      | 0 ||| qw: God list: Okawaru
     0 | D:1      | 0 ||| qw: Allow faded altars: false
     0 | D:1      | 0 ||| qw: Do Orc after clearing Dungeon:15 true
     0 | D:1      | 0 ||| qw: Do second Lair branch before Depths: true
     0 | D:1      | 0 ||| qw: Lair rune preference: random
     0 | D:1      | 0 ||| qw: Goals: Normal
     0 | D:1      | 0 ||| PLANNING D:1-11
    98 | D:1      | 98 ||| Stepping ~*~*~tactically~*~*~ (outnumbered).
   212 | D:1      | Reached skill level 3 in Ranged Weapons
   213 | D:1      | Reached XP level 2. HP: 23/23 MP: 2/2
   609 | D:1      | 609 ||| DROPPING scarf of shadows.
   610 | D:1      | 610 ||| UPGRADING to +0 ring mail.
   620 | D:1      | 620 ||| DROPPING +0 robe.
   621 | D:1      | 621 ||| READING scroll labelled GAUSHE UWKATS.
   622 | D:1      | 622 ||| READING scroll labelled PEAWICIKKI.
   723 | D:1      | 723 ||| DRINKING 2 black potions.
   724 | D:1      | 724 ||| DROPPING scroll of poison.
   812 | D:2      | Reached XP level 3. HP: 17/29 MP: 3/3
   963 | D:2      | Reached skill level 4 in Ranged Weapons
   977 | D:2      | Identified the +9 dagger "Yzijorchoar" {heavy, rCorr Dex+2}
  1049 | D:2      | Noticed Terence
  1059 | D:2      | HP: 4/29 [Terence/+2 falchion of protection (6)]
  1060 | D:2      | 1060 ||| DRINKING potion of heal wounds.
  1065 | D:2      | HP: 1/29 [Terence/+2 falchion of protection (9)]
  1066 | D:2      | Slain by Terence

Levels and vault maps discovered:
D:1:      spicycebolla_arrival_ecumenical, layout_loops_ring
D:2:      layout_basic, minmay_misc_feat_five, uniq_terence

Skill      XL: |  1  2  3 |
---------------+----------+-----
Ranged Weapons | 3 4 |  4.0
Fighting       | 2 |  2.0
Armour         | |  0.4
Dodging        | |  2.1
Spellcasting   | |  1.0
Hexes          | |  2.0

Action                     || total
---------------------------++-------
   Fire: Sling             ||    83
    Use: Scroll            ||     2
         Potion            ||     2
 Armour: Ring mail         ||     6
         Robe              ||     2
  Dodge: Dodged            ||    23

Table legend:
 A = Non-vault XP
 B = Vault XP
 C = Vault XP percentage of total XP
 D = Non-vault monster count
 E = Vault monster count
 F = Vault count percentage of total count
                 A         B        C        D         E       F
            +---------+---------+-------+---------+---------+-------
      Total |      67 |       0 |   0.0 |      24 |       0 |   0.0
            +---------+---------+-------+---------+---------+-------
        D:1 |      26 |       0 |   0.0 |      14 |       0 |   0.0
        D:2 |      41 |       0 |   0.0 |      10 |       0 |   0.0
            +---------+---------+-------+---------+---------+-------
